 Dungeon Crawl Stone Soup version 0.30-a0-23-ge60ba3568b (webtiles) character file.

Game seed: 2151750190433388394

255 SensoryNuts the Chopper (level 5, -2/47 HPs)
             Began as a Minotaur Fighter on Aug 24, 2022.
             Killed by nerve-wracking pain
             ... invoked by an orc priest
              (7 damage)
             ... on level 4 of the Dungeon.
             The game lasted 00:04:15 (3430 turns).

SensoryNuts the Chopper (Minotaur Fighter)          Turns: 3430, Time: 00:04:16

Health: -2/47      AC: 12    Str: 20    XL:     5   Next: 91%
Magic:  4/4        EV:  9    Int:  5    God:
Gold:   201        SH:  5    Dex: 12    Spells: 4/4 levels left

rFire   . . .      SeeInvis .    a - +0 war axe
rCold   . . .      Faith    .    c - +0 buckler
rNeg    . . .      Spirit   .    b - +0 scale mail
rPois   .          Reflect  .    (helmet restricted)
rElec   +          Harm     .    q - +2 cloak
rCorr   .          Rampage  .    p - +0 pair of gloves
Will    .....                    (no boots)
Stlth   ..........               (no amulet)
HPRegen 0.15/turn                j - +4 ring of protection
MPRegen 0.09/turn                (no ring)

@: mighty
A: horns 2, retaliatory headbutt, deformed body, electricity resistance
a: no special abilities


You were on level 4 of the Dungeon.
You visited 1 branch of the dungeon, and saw 4 of its levels.

You collected 201 gold pieces.

Inventory:

Hand Weapons
 a - a +0 war axe (weapon)
Missiles
 i - 2 throwing nets (quivered)
Armour
 b - a +0 scale mail (worn)
 c - a +0 buckler (worn)
 p - a +0 pair of gloves (worn)
 q - a +2 cloak (worn)
Jewellery
 h - a ring of resist corrosion
 j - a +4 ring of protection (left hand)
 k - a +4 ring of evasion
Wands
 n - a wand of iceblast (10)
Scrolls
 e - a scroll of blinking {unknown}
 f - 3 scrolls of teleportation
 g - a scroll of poison
 l - a scroll of fear {unknown}
 m - 4 scrolls of identify
Potions
 o - 5 potions of curing


   Skills:
 + Level 4.4 Fighting
 * Level 5.4 Axes
 + Level 5.0 Armour
 + Level 0.6 Dodging
 + Level 0.4 Stealth
 + Level 4.4 Shields


You had 4 spell levels left.
You didn't know any spells.
Your spell library contained the following spells:

 Spells                   Type           Power      Damage    Failure   Level
 Ensorcelled Hibernation  Hex/Ice        0%         N/A       96%         2
 Passwall                 Tmut/Erth      0%         N/A       96%         2
 Frozen Ramparts          Ice            0%         1d1       99%         3
 Swiftness                Air            0%         N/A       99%         3
 Ice Form                 Ice/Tmut       0%         N/A       100%        4
 Summon Ice Beast         Ice/Summ       0%         N/A       100%        4


Dungeon Overview and Level Annotations

Branches:
Dungeon (4/15)
 Temple: D:4-7

Altars:
Fedhas
Okawaru

Shops:
D:4 =:

Annotations:
D:4 Sigmund


Innate Abilities, Weirdness & Mutations

You have a pair of horns on your head.
You reflexively headbutt those who attack you in melee.
Armour fits poorly on your strangely shaped body.
You are resistant to electric shocks. (rElec)


Message History

Something hits you but does no damage.
You miss something. Sigmund closely misses you.
Something hits you but does no damage.
You barely miss something. Something hits you but does no damage.
Sigmund hits you but does no damage. Something hits you but does no damage.
You miss something. Sigmund asks, "Do you like me?"
Sigmund hits you but does no damage. Something hits you but does no damage.
You hit something but do no damage. You headbutt something.
Something hits you but does no damage.
Sigmund hits you from afar with a +0 scythe.
You barely miss something. Something hits you but does no damage.
Sigmund closely misses you. Something hits you but does no damage.
You hit something but do no damage.
You hear some strange, mumbled words.
A puff of flame appears from out of thin air!
The puff of flame hits you.
You barely miss something.
Sigmund gestures wildly while chanting.
Sigmund flickers and vanishes!
Something hits you.
The orc priest invokes the aid of Beogh against you.
Beogh smites you! You block something's attack.
You slash something!
Reactivating autopickup.
You feel a bit more experienced. Something hits you but does no damage.
Deactivating autopickup; reactivate with Ctrl-A.
The orc priest invokes the aid of Beogh against you.
Pain shoots through your body!
* * * LOW HITPOINT WARNING * * *
Your Armour skill increases to level 5!
You feel very mighty all of a sudden. The orc priest closely misses you.
You hit the orc priest but do no damage.
Your headbutt misses the orc priest. Something hits you but does no damage.
The orc priest hits you with a +0 flail.
* * * LOW HITPOINT WARNING * * *
You closely miss the orc priest. Something hits you but does no damage.
The orc priest calls down the wrath of Beogh upon you.
Pain shoots through your body!
You die...

..# #.# ###.#..#.# ###
..# #.# #..##..###..
..####### ## ##.#
#......#...~ <.........
.[...#### ###..###~.~~
..########.
.#......####.###..._. ..#
.. ................~..~
..# #.#.#.
###.#.#......~.~. ..#
##....{####.#...###.##..#
...
......)o@.........#.##..#
...
..(...###......##.#......
...# ##+..
#......##.####..# #.
#......##........ #
#.....########..# #.....#
#..# ####### #... #### #


You could see an orc priest.

Vanquished Creatures
  Crazy Yiuf (D:2)
  An orc priest (D:3)
  Natasha (D:4)
  2 orc wizards (D:4)
  3 adders
  3 worms
  8 dart slugs
  6 orcs
  7 ball pythons
  3 endoplasms
  A giant cockroach (D:3)
  5 goblins
  6 hobgoblins
  2 jackals (D:2)
  2 kobolds (D:2)
  6 quokkas
  8 bats
  A frilled lizard (D:2)
  6 rats
72 creatures vanquished.

Vanquished Creatures (others)
  A plant (D:1)
1 creature vanquished.

Grand Total: 73 creatures vanquished

Notes
Turn   | Place    | Note
-------+----------+-------------------------------------------
     0 | D:1      | SensoryNuts the Minotaur Fighter began the quest for the
                  | Orb.
     0 | D:1      | Reached XP level 1. HP: 19/19 MP: 0/0
   316 | D:1      | Reached XP level 2. HP: 25/27 MP: 1/1
   726 | D:1      | Reached XP level 3. HP: 33/33 MP: 2/2
  1186 | D:2      | You fall into a shaft and drop 2 floors!
  1341 | D:2      | Found a faded altar of an unknown god.
  1662 | D:2      | Reached XP level 4. HP: 40/40 MP: 3/3
  1694 | D:2      | Found a runed translucent door.
  1695 | D:2      | Noticed Crazy Yiuf
  1975 | D:2      | Killed Crazy Yiuf
  2072 | D:2      | Gained mutation: You are resistant to electric shocks.
                  | (rElec) [potion of mutation]
  2072 | D:2      | Gained mutation: Armour fits poorly on your strangely
                  | shaped body. [potion of mutation]
  2564 | D:3      | Reached XP level 5. HP: 33/46 MP: 4/4
  3141 | D:4      | Found Tawn's Jewellery Shop.
  3170 | D:4      | Found Zyaczakh's Vocational Training.
  3294 | D:4      | Found an iron altar of Okawaru.
  3329 | D:4      | Found a blossoming altar of Fedhas.
  3330 | D:4      | Noticed Natasha
  3336 | D:4      | Killed Natasha
  3337 | D:4      | Reached skill level 5 in Axes
  3407 | D:4      | Noticed Sigmund
  3428 | D:4      | Reached skill level 5 in Armour
  3430 | D:4      | Killed from afar by an orc priest

Illustrated notes

Levels and vault maps discovered:
D:1:      minmay_arrival_hallway, layout_basic, serial_bayou_ford_a
D:2:      layout_basic, ebering_ecumenical_altar_rust, dk_vineyard_1,
          uniq_crazy_yiuf_cottage
D:3:      layout_basic, chequers_serial_rivers_micro_c
D:4:      layout_loops_ring, okawaru_metal_pillars_1_2, fedhas_altar_2,
          jmf_multi_god_temple, serial_shops, nicolae_shop_behind_doors,
          minmay_curled_crystal, nicolae_shop_vocational, uniq_natasha,
          uniq_sigmund

Skill      XL: |  1  2  3  4  5 |
---------------+----------------+-----
Fighting       | 4 |  4.4
Armour         | 4 5 |  5.0
Shields        | 4 |  4.4
Axes           | 3 4 5 |  5.4
Dodging        | |  0.6
Stealth        | |  0.4

Action                   |  1- 3 |  4- 6 || total
-------------------------+-------+-------++-------
Melee: War axe           |    69 |    78 ||   147
       Headbutt          |     5 |     7 ||    12
  Use: Scroll            |       |     6 ||     6
       Potion            |       |     5 ||     5
Armor: Scale mail        |    35 |    44 ||    79
Dodge: Dodged            |    31 |    28 ||    59
Block: Buckler           |    15 |    17 ||    32

Table legend: (Time is in decaauts)
 A = Elapsed time spent in this place.
 B = Non-inter-level travel time spent in this place.
 C = Inter-level travel time spent in this place.
 D = Time resting spent in this place.
 E = Time spent auto-exploring this place.
 F = Levels seen in this place.
 G = Mean time per level.
                   A        B        C        D        E       F      G
               +--------+--------+--------+--------+--------+-----+--------+
         Total |   3495 |   3161 |    334 |      0 |   2667 |   4 |  873.8 |
       Dungeon |   3495 |   3161 |    334 |      0 |   2667 |   4 |  873.8 |
               +--------+--------+--------+--------+--------+-----+--------+

Top non-repeatable levels by time:
     D:2: 1120 daAuts
     D:3: 988 daAuts
     D:1: 945 daAuts
     D:4: 440 daAuts
